 Dungeon Crawl Stone Soup version 0.27-a0-506-g2188dfaaa0 (webtiles) character file.

Game seed: 171935885626116228

121 Morbidden the Fighter (level 4, 0/49 HPs)
             Began as a Demonspawn Fighter on Mar 3, 2021.
             Succumbed to an adder's poison
             ... on level 3 of the Dungeon.
             The game lasted 00:01:46 (2021 turns).

Morbidden the Fighter (Demonspawn Fighter)          Turns: 2021, Time: 00:01:47

Health: 0/49       AC: 13    Str: 13 (16) XL:     4   Next: 77%
Magic:  4/4        EV:  6    Int: 10 (11) God:
Gold:   114        SH: 12    Dex:  9 (12) Spells: 3/3 levels left

rFire    + . .     SeeInvis .   a - +0 long sword
rCold    + . .     Faith    .   c - +0 kite shield
rNeg     . . .     Spirit   .   b - +0 scale mail
rPois    +         Reflect  .   (no helmet)
rElec    +         Harm     .   (no cloak)
rCorr    +         Rampage  .   (no gloves)
Will     .....                  p - +0 pair of boots
Stlth    ..........             (no amulet)
HPRegen  0.16/turn              (no ring)
MPRegen  0.09/turn              (no ring)

@: lethally poisoned (0 -> -2), resistant, sanguine armoured, flying, hasted,
very quick
A: powered by pain 1, sanguine armour 1, condensation shield
a: no special abilities


You were on level 3 of the Dungeon.
You visited 1 branch of the dungeon, and saw 3 of its levels.

You collected 114 gold pieces.

Inventory:

Hand Weapons
 a - a +0 long sword (weapon)
Missiles
 i - 4 boomerangs (quivered)
Armour
 b - a +0 scale mail (worn)
 c - a +0 kite shield (worn)
 p - a +0 pair of boots (worn)
Jewellery
 j - a +4 ring of protection
Scrolls
 e - a scroll of noise {unknown}
 f - 2 scrolls of fog {unknown}
 g - 4 scrolls of identify {unknown}
 o - a scroll of enchant weapon {unknown}
Potions
 d - a potion of might
 k - a potion of magic


   Skills:
 * Level 10.8 Fighting
 * Level 2.7 Long Blades
 + Level 2.9 Armour
 + Level 0.4 Dodging
 + Level 3.0 Shields


You had 3 spell levels left.
You didn't know any spells.
Your spell library was empty.

Dungeon Overview and Level Annotations

Branches:
Dungeon (3/15)

Altars:
Dithmenos
Ru


Innate Abilities, Weirdness & Mutations

You sometimes gain a little power by taking damage.
When seriously injured, your bleeding wounds create armour. (AC +6)
A meltable shield of frost defends you. (SH +4)


Message History

Unknown command.
Okay, then.
Unknown command.
* * * LOW HITPOINT WARNING * * *
You feel sick.
It was a potion of degeneration.
There was something very wrong with that liquid.
You feel weakened.
You feel dopey.
You feel clumsy. The adder closely misses you.
Unknown command.
It was a potion of experience.
You feel more experienced!
Your Fighting skill gained 7 levels and is now at level 10!
You have reached level 4!
You feel clever.
Your demonic ancestry asserts itself...
You feel energised by your suffering.
* * * LOW HITPOINT WARNING * * *
You feel sick.
Unknown command.
Unknown command.
It was a potion of flight.
You feel very buoyant.
You fly up into the air.
You block the adder's attack. The kobold hits you but does no damage.
Unknown command.
It was a potion of resistance.
You feel protected. The adder bites you but does no damage.
You block the kobold's attack.
* * * LOW HITPOINT WARNING * * *
You feel sick.
Found 21 stones.
A kobold comes into view. It is wielding a +0 whip.
The kobold shouts!
* * * LOW HITPOINT WARNING * * *
You feel sick.
Okay, then.
You block the adder's attack.
You miss the adder.
The adder is almost dead.
You die...

##.## ###.(.##
###...#..
#...#...
.....K.##########
. #
#...S@........
... #.
#..K##########
.#..#.#####...#
.#............#
.............##
#.#...#####....#
..............##
.....#.#####..#
†.##.#.# #..#


You could see an adder and 2 kobolds.

Vanquished Creatures
  2 adders
  2 dart slugs (D:1)
  A leopard gecko (D:1)
  7 bats
  2 giant cockroaches
  3 goblins
  4 hobgoblins
  5 kobolds
  A ball python (D:1)
  4 frilled lizards
  8 rats
39 creatures vanquished.

Notes
Turn   | Place    | Note
-------+----------+-------------------------------------------
     0 | D:1      | Morbidden the Demonspawn Fighter began the quest for the
                  | Orb.
     0 | D:1      | Reached XP level 1. HP: 18/18 MP: 1/1
   203 | D:1      | Gained mutation: When seriously injured, your bleeding
                  | wounds create armour. (AC +6) [demonic ancestry]
   203 | D:1      | Reached XP level 2. HP: 23/24 MP: 2/2
   816 | D:1      | Gained mutation: A meltable shield of frost defends you.
                  | (SH +4) [demonic ancestry]
   816 | D:1      | Reached XP level 3. HP: 29/29 MP: 3/3
  1073 | D:2      | Found a shadowy altar of Dithmenos.
  1136 | D:2      | Found a faded altar of an unknown god.
  1157 | D:2      | Found a sacrificial altar of Ru.
  2011 | D:3      | Reached skill level 10 in Fighting
  2011 | D:3      | Gained mutation: You sometimes gain a little power by
                  | taking damage. [demonic ancestry]
  2011 | D:3      | Reached XP level 4. HP: 3/49 MP: 4/4
  2011 | D:3      | HP: 2/49 [poisoned by an adder]
  2018 | D:3      | HP: 1/49 [poisoned by an adder]
  2021 | D:3      | Succumbed to an adder's poison

Illustrated notes

Levels and vault maps discovered:
D:1:      nzn_arrival_water_spiral, layout_basic, chequers_garden,
          minmay_misc_feat_tiny
D:2:      layout_loops_corners, old_standard_altar, serial_glass,
          glass_columns_a, glass_columns_a, glass_columns_b, glass_columns_a,
          chequers_ecumenical_altar_lobes, nicolae_ru_awakened_eye
D:3:      layout_loops_ring, bh_walls_and_bars

Skill      XL: |  1  2  3 |
---------------+----------+-----
Long Blades    | 2 |  2.7
Shields        | 3 |  3.0
Fighting       | 10 | 10.8
Armour         | |  2.9
Dodging        | |  0.4

Action                   |  1- 3 |  4- 6 || total
-------------------------+-------+-------++-------
Melee: Long sword        |   132 |     1 ||   133
  Use: Potion            |     4 |     2 ||     6
Armor: Scale mail        |    63 |     2 ||    65
Dodge: Dodged            |    47 |       ||    47
Block: Kite shield       |    85 |     3 ||    88
       Rpst.: Long sword |    21 |       ||    21

Table legend: (Time is in decaauts)
 A = Elapsed time spent in this place.
 B = Non-inter-level travel time spent in this place.
 C = Inter-level travel time spent in this place.
 D = Time resting spent in this place.
 E = Time spent auto-exploring this place.
 F = Levels seen in this place.
 G = Mean time per level.
                   A        B        C        D        E       F      G
               +--------+--------+--------+--------+--------+-----+--------+
         Total |   2086 |   2066 |     20 |      0 |   1744 |   3 |  695.3 |
       Dungeon |   2086 |   2066 |     20 |      0 |   1744 |   3 |  695.3 |
               +--------+--------+--------+--------+--------+-----+--------+

Top non-repeatable levels by time:
     D:2: 979 daAuts
     D:1: 962 daAuts
     D:3: 144 daAuts
